 Dungeon Crawl Stone Soup version 0.19.1 (webtiles) character file.

113365 Milesaru the Unseen (level 16, -3/124 HPs)
             Began as a Vampire Enchanter on Dec 12, 2016.
             Was the Champion of Dithmenos.
             Blown up by an orb spider (47 damage)
             ... with an orb of destruction
             ... on level 1 of the Spider Nest on Dec 15, 2016.
             The game lasted 02:45:13 (33068 turns).

Milesaru the Unseen (Vampire Enchanter)            Turns: 33068, Time: 02:45:14

Health: -3/124     AC: 13    Str: 18    XL:     16   Next: 13%
Magic:  19/19      EV: 31    Int: 18    God:    Dithmenos [******]
Gold:   1056       SH:  8    Dex: 21    Spells: 6 memorised, 1 level left

rFire  . . .     SeeInvis +     a - +6 rapier (distort)
rCold  + + .     Gourm    .     C - +0 leather armour of Daffodils {rN+ Str+3}
rNeg   + + +     Faith    .     o - +0 buckler
rPois  ∞         Spirit   .     e - +2 helmet
rElec  +         Reflect  +     G - +1 cloak
rCorr  .         Harm     .     N - -1 pair of gloves of Valour {rElec rN+++ MR- Str+8}
MR     .....                    U - +2 pair of boots {run}
Stlth  ++++++++++               n - +2 amulet of reflection
                                I - +4 ring of evasion
                                Y - ring "Ajaegueb" {rElec MR- AC+2 Slay+5 SInv}

@: bloodless, non-regenerating, wreathed by umbra, quick
A: fangs 3, see invisible, magic resistance 1, unbreathing
a: Bat Form, Shadow Step, Shadow Form, Renounce Religion


You were on level 1 of the Spider Nest.
You worshipped Dithmenos.
Dithmenos was exalted by your worship.
You were bloodless.

You visited 5 branches of the dungeon, and saw 25 of its levels.
You visited the Abyss 1 time.

You collected 2670 gold pieces.
You spent 1614 gold pieces at shops.

Inventory:

Hand Weapons
 a - a +6 rapier of distortion (weapon)
 k - a +3 dagger of venom
 M - a +0 vampiric short sword
Missiles
 W - 5 throwing nets (quivered)
Armour
 e - a +2 helmet (worn)
 o - a +0 buckler (worn)
 C - the +0 leather armour of Daffodils (worn) {rN+ Str+3}
   (You found it on level 1 of the Lair of Beasts)

   It affects your strength (+3).
   It protects you from negative energy.
 G - a +1 cloak (worn)
 N - the -1 pair of gloves of Valour (worn) {rElec rN+++ MR- Str+8}
   (You acquired it on level 9 of the Dungeon)

   It affects your strength (+8).
   It insulates you from electricity.
   It renders you almost immune to negative energy.
   It affects your resistance to hostile enchantments.
 U - a +2 pair of boots of running (worn)
Magical Staves
 r - an uncursed staff of power {unknown}
 x - an uncursed staff of energy {unknown}
Jewellery
 n - a +2 amulet of reflection (around neck)
 I - a +4 ring of evasion (right hand)
 J - the necklace of Bloodlust {*Rage +Rage MR+ Int-3 Slay+3 *Curse}
   (You acquired it on level 9 of the Dungeon)

   [amulet of rage]

   It affects your intelligence (-3).
   It affects your accuracy and damage with ranged weapons and melee attacks
   (+3).
   It affects your resistance to hostile enchantments.
   It lets you go berserk.
   It may make you go berserk in combat.
   It may re-curse itself when equipped.
 Y - the ring "Ajaegueb" (left hand) {rElec MR- AC+2 Slay+5 SInv}
   (You found it on level 6 of the Lair of Beasts)

   [ring of protection]

   It affects your AC (+2).
   It affects your accuracy and damage with ranged weapons and melee attacks
   (+5).
   It insulates you from electricity.
   It affects your resistance to hostile enchantments.
   It lets you see invisible.
Wands
 v - a wand of acid (11/15)
 w - a wand of digging (12/24)
 z - a wand of lightning (7/15)
 B - a wand of paralysis (10/24)
 F - a wand of paralysis (6/24)
 H - a wand of iceblast (5/15)
 P - a wand of acid (0/15)
 S - a wand of hasting (0/9)
Scrolls
 f - 9 scrolls of fog
 h - 6 scrolls of recharging
 j - 5 scrolls of magic mapping
 l - 9 scrolls of remove curse
 q - a scroll of enchant armour {unknown}
 s - 2 scrolls of random uselessness {unknown}
 t - 2 scrolls of vulnerability {unknown}
 y - a scroll of silence {unknown}
 D - 3 scrolls of fear
 E - 7 scrolls of teleportation
 Q - 2 scrolls of summoning {unknown}
 R - 3 scrolls of enchant weapon {unknown}
Potions
 d - 2 potions of blood
 g - 2 potions of ambrosia
 i - 2 potions of haste {unknown}
 m - 3 potions of cancellation {unknown}
 p - 3 potions of lignification {unknown}
 K - 2 potions of cure mutation
 L - a potion of resistance {unknown}
 O - 4 potions of agility {unknown}
 T - a potion of might {unknown}
 V - 11 potions of curing
 X - 3 potions of brilliance
 Z - 3 potions of magic {unknown}
Books
 b - a book of Dreams

   Spells                             Type                      Level
   a - Ensorcelled Hibernation        Hexes/Ice                    2
   b - Silence                        Hexes/Air                    5
   c - Darkness                       Hexes                        6
   d - Shadow Creatures               Summoning                    6
 c - a book of Maledictions

   Spells                             Type                      Level
   a - Corona                         Hexes                        1
   b - Ensorcelled Hibernation        Hexes/Ice                    2
   c - Confuse                        Hexes                        3
   d - Tukima's Dance                 Hexes                        3
   e - Dazzling Spray                 Conjuration/Hexes            3


   Skills:
 * Level 10.7 Fighting
 * Level 16.5 Short Blades
 * Level 16.9 Dodging
 + Level 18.0 Stealth
 - Level 5.0 Shields
 - Level 2.0 Spellcasting
 - Level 11.2 Hexes


You had one spell level left.
You knew the following spells:

 Your Spells              Type           Power        Failure   Level  Hunger
a - Corona                Hex            #####..      1%          1    #......
b - Ensorcelled Hibernat  Hex/Ice        ###...       3%          2    ###....
c - Dazzling Spray        Conj/Hex       ###...       8%          3    ###....
d - Confuse               Hex            #####...     1%          3    ###....
e - Tukima's Dance        Hex            #####...     1%          3    ###....
f - Darkness              Hex            #####.....   34%         6    #######


Dungeon Overview and Level Annotations

Branches:
Dungeon (15/15)            Temple (1/1) D:6            Lair (6/6) D:10
  Swamp (0/4) Lair:2       Spider (1/4) Lair:3        Slime (0/5) Lair:6
    Orc (2/2) D:10            Elf (0/3) Orc:2        Vaults (0/5) D:13
 Depths (0/5) D:15

Altars:
Ashenzari
Cheibriados
Dithmenos
Elyvilon
Fedhas
Gozag
Hepliaklqana
Kikubaaqudgha
Makhleb
Nemelex Xobeh
Okawaru
Qazlal
Ru
Sif Muna
Trog
Uskayaw
Vehumet
Xom
Yredelemnul
Zin
The Shining One
Beogh

Shops:
D:5 [   D:7 [   D:9 ***%   Orc:2 !(*[


Innate Abilities, Weirdness & Mutations

You do not heal naturally.
You are immune to poison.
You have razor-sharp teeth.
You have supernaturally acute eyesight. (SInv)
You can survive without breathing.
You are resistant to hostile enchantments. (MR+)


Message History

As you read the scroll of fear, it crumbles to dust.
You assume a fearsome visage.
The entropy weaver looks frightened!
The tarantella looks frightened!
The orb spider looks frightened! x2
The orb spider resists with almost no effort.
The orb spider resists with some effort.
The wolf spider looks frightened!
The orb spider looks frightened! x2
The orb spider weaves a glowing orb of energy.
An orb of destruction comes into view.
The orb spider begins to weave its threads into a brightly glowing ball.
The orb spider weaves a glowing orb of energy.
Found 22 gold pieces.
An orb of destruction comes into view.
The orb spider spins a strand of pure energy.
The orb spider weaves a glowing orb of energy.
An orb of destruction comes into view.
You feel devoid of blood!
The orb of destruction hits a rock wall.
The rock wall explodes into countless fragments.
The orb of destruction hits you!
You die...

#........§).............
.............s.....#......
...#.......#..#...........
..........................
..#....#....§.............
.................(........
..........................
.........?.........a......
..............s@..........
....^s.s.....§.§..........
...........s.§..§§.s..#...
......#......*.)..§§......
..........................
...(.....(............#..
...........§.....§.......
...#?.........§.§§.....
......#............#.$


You could see an entropy weaver and 4 orb spiders.

Vanquished Creatures
  A tengu reaver (D:14)
  Donald (Lair:3)
  Nessos (Lair:5)
  A fire dragon (D:15)
  An ice dragon (D:15)
  Harold (Lair:4)
  The ghost of SeriousVitamin the Grappler, a journeyman TrTm of Okawaru (Lair:4)
  5 hydras
  2 catoblepae (D:14)
  2 dancing weapons (D:13)
  2 centaur warriors (D:13)
  2 ogre magi
  4 death yaks (Lair:4)
  4 orc high priests
  Sonja (D:14)
  A large abomination (Abyss:2)
  3 skeletal warriors (D:13)
  An unseen horror (D:13)
  16 hill giants
  A flayed ghost (D:14)
  A wizard (D:14)
  Pikel (D:9)
  7 orc knights
  4 wolf spiders (Lair:3)
  A stone giant zombie (Orc:1)
  An oklob plant (Lair:4)
  5 orc sorcerers
  3 ugly things
  2 deep elf magi
  A moth of wrath (Lair:3)
  3 manticores
  5 cyclopes
  2 elephants (Lair:4)
  4 black mambas
  2 smoke demons (Abyss:2)
  3 gargoyles
  9 spiny frogs
  A kobold demonologist (D:15)
  A rime drake (Lair:4)
  A demonic crawler (Lair:3)
  A hellwing (Abyss:2)
  6 komodo dragons
  An ancient zyme (Abyss:2)
  8 trolls
  3 jumping spiders
  4 meliai
  4 tyrant leeches (Lair:2)
  A wolf spider simulacrum (D:14)
  5 two-headed ogres
  14 slime creatures
  8 polar bears
  4 raiju (Lair:6)
  6 dream sheep (Lair:6)
  9 blink frogs
  A meliai zombie (D:15)
  10 hippogriffs
  Sigmund (D:6)
  A centaur simulacrum (D:14)
  7 tarantellas
  4 wyverns
  A ynoxinul (Abyss:2)
  A hill giant zombie (Orc:1)
  3 wraiths
  25 redbacks
  A shadow (D:12)
  41 yaks
  7 basilisks
  2 hungry ghosts
  3 golden eyes (Abyss:2)
  A steam dragon (Lair:6)
  Menkaure (D:6)
  4 mottled dragons (Lair:6)
  Duvessa (D:4)
  10 wargs
  3 swamp worms
  A soldier ant (D:11)
  13 water moccasins
  3 porcupines
  4 hell hounds (Lair:6)
  28 orc warriors
  3 sky beasts
  A slave (D:9)
  An ice beast (D:9)
  14 black bears
  A swamp drake (Lair:6)
  A necrophage (D:15)
  11 ogres
  36 wolves
  15 centaurs
  3 phantoms
  A small abomination (Abyss:2)
  12 crocodiles
  7 big kobolds
  2 gnoll sergeants
  16 bullfrogs
  Dowan (D:4)
  2 cyclops zombies (Orc:1)
  7 scorpions
  14 killer bees
  7 wights
  5 crimson imps
  2 centaur zombies
  A quasit (D:9)
  6 jellies
  2 bullfrog zombies
  3 bullfrog skeletons
  A gnoll shaman (Orc:1)
  24 hounds
  28 orc priests
  33 orc wizards
  4 centaur skeletons
  5 iguanas (Lair:6)
  8 worker ants
  5 hound zombies
  2 hound skeletons
  3 worker ant zombies
  11 gnolls
  A howler monkey skeleton (D:8)
  20 adders
  3 shadow imps
  An ufetubus (Abyss:2)
  5 oozes
  An adder skeleton (D:5)
  16 worms
  3 leopard geckos
  98 orcs
  9 bats
  5 giant cockroaches
  11 goblins
  11 hobgoblins
  7 jackals
  30 kobolds
  8 quokkas
  A ball python zombie (D:3)
  6 frilled lizards
  A giant cockroach zombie (D:3)
  A quokka zombie (D:5)
  5 rats
  3 plants
903 creatures vanquished.

Vanquished Creatures (others)
  An orc high priest (Orc:2)
  A skeletal warrior (D:13)
  2 wolf spiders
  A hill giant (D:11)
  An ugly thing (D:14)
  A cyclops (Orc:1)
  An elephant (Lair:4)
  A spiny frog (Lair:2)
  A rime drake (Lair:6)
  A demonic crawler (Lair:3)
  2 jumping spiders (Lair:3)
  2 komodo dragons
  3 polar bears
  A meliai (D:14)
  A hornet (D:12)
  2 slime creatures (D:11)
  A hippogriff (Lair:5)
  2 redbacks
  A wyvern (Lair:6)
  5 yaks
  A chaos spawn (Abyss:2)
  A neqoxec (Abyss:2)
  A swamp worm (Lair:1)
  3 wargs
  A water moccasin (Lair:5)
  2 black bears (Lair:6)
  2 slaves (D:9)
  A porcupine (Lair:1)
  7 orc warriors
  4 wolves
  A big kobold (D:11)
  A killer bee (D:12)
  A crimson imp (D:14)
  2 hounds (Lair:6)
  An ooze (Lair:6)
  A worm (Lair:1)
  3 orcs
  13 fungi
  20 plants
97 creatures vanquished.

Grand Total: 1000 creatures vanquished

Notes
Turn   | Place    | Note
-------+----------+-------------------------------------------
     0 | D:1      | Milesaru the Vampire Enchanter began the quest for the Orb.
     0 | D:1      | Reached XP level 1. HP: 13/13 MP: 3/3
   374 | D:1      | Reached XP level 2. HP: 11/19 MP: 5/5
  1177 | D:1      | Reached skill level 5 in Stealth
  1251 | D:2      | Reached XP level 3. HP: 24/24 MP: 6/6
  1481 | D:2      | Reached skill level 5 in Hexes
  1699 | D:2      | Reached XP level 4. HP: 22/30 MP: 5/7
  1787 | D:2      | Found a radiant altar of Vehumet.
  2181 | D:3      | Reached XP level 5. HP: 28/35 MP: 8/8
  2523 | D:3      | Learned a level 2 spell: Ensorcelled Hibernation
  2527 | D:3      | Learned a level 3 spell: Dazzling Spray
  2724 | D:3      | Reached skill level 6 in Stealth
  2930 | D:3      | Reached XP level 6. HP: 16/41 MP: 9/9
  3204 | D:4      | Found a shimmering altar of Xom.
  3206 | D:4      | Found a glowing silver altar of Zin.
  3206 | D:4      | Found a hide-covered altar of Uskayaw.
  3208 | D:4      | Found a shadowy altar of Dithmenos.
  3208 | D:4      | Found a sacrificial altar of Ru.
  3208 | D:4      | Found a basalt altar of Yredelemnul.
  3286 | D:4      | Reached skill level 7 in Stealth
  3451 | D:4      | Noticed Duvessa
  3451 | D:4      | Noticed Dowan
  3470 | D:4      | Killed Duvessa
  4074 | D:4      | Killed Dowan
  4074 | D:4      | Reached XP level 7. HP: 42/46 MP: 10/10
  4226 | D:4      | Reached skill level 5 in Dodging
  4230 | D:5      | Entered Level 5 of the Dungeon
  4258 | D:4      | Reached skill level 8 in Stealth
  4721 | D:4      | Reached skill level 5 in Short Blades
  5184 | D:5      | Reached skill level 9 in Stealth
  5184 | D:5      | Reached XP level 8. HP: 28/52 MP: 11/11
  5572 | D:5      | Found Qopamp's Armour Shoppe.
  5680 | D:6      | Noticed Menkaure
  5983 | D:6      | Killed Menkaure
  6337 | D:6      | Noticed Sigmund
  6340 | D:6      | Found a staircase to the Ecumenical Temple.
  6344 | D:6      | Killed Sigmund
  6344 | D:6      | Reached skill level 10 in Stealth
  6350 | Temple   | Entered the Ecumenical Temple
  6386 | Temple   | Became a worshipper of Dithmenos the Shadowed
  6549 | D:6      | Found a deep blue altar of Sif Muna.
  6825 | D:6      | Reached XP level 9. HP: 57/57 MP: 12/12
  6966 | D:7      | Reached * piety under Dithmenos
  7129 | D:7      | Found a hide-covered altar of Uskayaw.
  7622 | D:7      | Found Onaiguoh's Armour Emporium.
  7871 | D:8      | Noticed a troll
  7878 | D:8      | Killed a troll
  7878 | D:8      | Reached skill level 11 in Stealth
  8040 | D:8      | Found an iron altar of Okawaru.
  8484 | D:8      | Found a sacrificial altar of Ru.
  8493 | D:8      | Reached ** piety under Dithmenos
  8637 | D:8      | Reached XP level 10. HP: 36/63 MP: 13/13
  8960 | D:8      | Found a shattered altar of Ashenzari.
  8966 | D:8      | Found an ancient bone altar of Kikubaaqudgha.
  9017 | D:8      | Found a glowing silver altar of Zin.
  9114 | D:9      | Found Aqirghen's General Store.
  9117 | D:9      | Bought a scroll of identify for 30 gold pieces
  9295 | D:9      | Found an iron altar of Okawaru.
  9654 | D:9      | Identified 3 scrolls of acquirement
  9659 | D:9      | Got a pair of scorched gloves
  9665 | D:9      | Identified the -1 pair of gloves of Valour {rElec rN+++ MR- Str+8} (You acquired it on level 9 of the Dungeon)
  9693 | D:9      | Noticed Pikel
  9710 | D:9      | Reached skill level 12 in Stealth
  9732 | D:9      | Killed Pikel
  9732 | D:9      | Reached skill level 10 in Hexes
  9741 | D:9      | Reached skill level 10 in Dodging
  9927 | D:9      | Found Liuxt's General Store.
  9940 | D:9      | Found Baupruydd's Assorted Antiques.
  9944 | D:9      | Reached *** piety under Dithmenos
  9944 | D:9      | Reached skill level 10 in Short Blades
  9964 | D:9      | Found an ancient bone altar of Kikubaaqudgha.
 10049 | D:9      | Found Okigeo's Food Shoppe.
 10270 | D:10     | Entered Level 10 of the Dungeon
 10383 | D:10     | Reached XP level 11. HP: 68/68 MP: 14/14
 10427 | D:10     | Found a staircase to the Orcish Mines.
 10431 | D:10     | Noticed a hill giant
 10493 | D:10     | Killed a hill giant
 10518 | D:10     | Noticed a hill giant
 10533 | D:10     | Killed a hill giant
 10582 | D:10     | Reached skill level 13 in Stealth
 10619 | D:10     | Found a staircase to the Lair.
 10728 | D:10     | Reached **** piety under Dithmenos
 11848 | D:5      | Bought a +2 pair of boots of running for 539 gold pieces
 12135 | D:11     | Reached skill level 1 in Fighting
 12522 | D:11     | Noticed a red ugly thing
 12530 | D:11     | Killed a red ugly thing
 12681 | D:11     | Noticed a hill giant
 13049 | D:11     | Banished a hill giant
 13493 | D:12     | Noticed a deep elf mage
 13499 | D:12     | Killed a deep elf mage
 13576 | D:12     | Noticed a hill giant
 13586 | D:12     | Killed a hill giant
 13586 | D:12     | Reached XP level 12. HP: 83/83 MP: 15/15
 13708 | D:12     | Reached ***** piety under Dithmenos
 13740 | D:12     | HP: 3/83 [hill giant/giant spiked club (9)]
 14564 | D:12     | Reached skill level 14 in Stealth
 14695 | Lair:1   | Entered Level 1 of the Lair of Beasts
 15713 | Lair:1   | Got a shimmering leather armour
 15724 | Lair:1   | Identified the cursed +0 leather armour of Daffodils {rN+ Str+3} (You found it on level 1 of the Lair of Beasts)
 15894 | Lair:1   | Reached skill level 5 in Fighting
 16538 | Lair:2   | Found a staircase to the Swamp.
 16849 | Lair:3   | Noticed a five-headed hydra
 16854 | Lair:3   | Killed a five-headed hydra
 16904 | Lair:3   | Noticed a four-headed hydra
 16909 | Lair:3   | Killed a four-headed hydra
 17052 | Lair:3   | Noticed a four-headed hydra
 17057 | Lair:3   | Killed a four-headed hydra
 17057 | Lair:3   | Reached XP level 13. HP: 75/94 MP: 16/16
 17307 | Lair:3   | Reached skill level 15 in Stealth
 17481 | Lair:3   | Found a hole to the Spider Nest.
 18026 | Lair:4   | Noticed SeriousVitamin's ghost (journeyman TrTm)
 18044 | Lair:4   | Killed SeriousVitamin's ghost
 18164 | Lair:4   | Noticed Harold
 18263 | Lair:4   | Learned a level 3 spell: Tukima's Dance
 18267 | Lair:4   | Learned a level 3 spell: Confuse
 18448 | Lair:4   | Killed Harold
 18678 | Lair:5   | Noticed Nessos
 18681 | Lair:5   | Killed Nessos
 19498 | Lair:6   | Entered Level 6 of the Lair of Beasts
 20022 | Lair:6   | Found a staircase to the Slime Pits.
 20864 | Lair:6   | Reached XP level 14. HP: 106/106 MP: 17/17
 20916 | Lair:6   | Identified the Collected Works on Excruciating Aid
 21081 | Lair:6   | Reached ****** piety under Dithmenos
 21092 | Lair:6   | Reached skill level 16 in Stealth
 21822 | Lair:6   | Got a transparent silver ring
 21824 | Lair:6   | Identified the ring "Ajaegueb" {rElec MR- AC+2 Slay+5 SInv} (You found it on level 6 of the Lair of Beasts)
 22047 | Orc:1    | Entered Level 1 of the Orcish Mines
 22064 | Orc:1    | Gained mutation: You are resistant to hostile enchantments. (MR+) [a neqoxec]
 22076 | Orc:1    | Reached skill level 15 in Dodging
 22564 | Orc:1    | Noticed a stone giant
 23252 | Orc:2    | Entered Level 2 of the Orcish Mines
 23366 | Orc:2    | Found a staircase to the Elven Halls.
 24229 | Orc:2    | Found a roughly hewn altar of Beogh.
 24439 | Orc:2    | Paralysed by an orc sorcerer for 5 turns
 24528 | Orc:2    | Noticed a stone giant
 25140 | Orc:2    | Reached skill level 10 in Fighting
 25716 | Orc:2    | Found Ucvoiczu's Armour Shop.
 25716 | Orc:2    | Found Ecall's Distillery.
 25747 | Orc:2    | Reached skill level 15 in Short Blades
 25770 | Orc:2    | Found Zaris's Weapon Emporium.
 25775 | Orc:2    | Found Wieluip's Assorted Antiques.
 25815 | Orc:2    | Bought a potion of curing for 90 gold pieces
 25815 | Orc:2    | Bought a silvery potion for 27 gold pieces
 25815 | Orc:2    | Bought a scroll labeled QYHAJAQ WITUPN for 30 gold pieces
 25815 | Orc:2    | Bought a fizzy grey potion for 27 gold pieces
 25825 | Orc:2    | Bought a potion of flight for 33 gold pieces
 25825 | Orc:2    | Bought a potion of brilliance for 44 gold pieces
 25825 | Orc:2    | Bought a potion of cure mutation for 275 gold pieces
 25825 | Orc:2    | Bought a potion of heal wounds for 55 gold pieces
 25825 | Orc:2    | Bought a potion of mutation for 27 gold pieces
 25825 | Orc:2    | Bought a potion of degeneration for 11 gold pieces
 25830 | Orc:2    | Bought a potion of curing for 33 gold pieces
 25830 | Orc:2    | Bought a potion of curing for 33 gold pieces
 25840 | Orc:2    | Bought a weird runed staff for 360 gold pieces
 26432 | D:13     | Reached XP level 15. HP: 101/115 MP: 0/18
 26604 | D:13     | Reached skill level 1 in Shields
 26737 | D:13     | Reached skill level 17 in Stealth
 26958 | D:13     | Found a gate to the Vaults.
 27455 | D:14     | Noticed Sonja
 27457 | D:14     | Killed Sonja
 27535 | D:14     | Noticed a tengu reaver
 27554 | D:14     | Cast into level 2 of the Abyss (a wizard)
 27885 | Abyss:2  | Noticed a bone dragon
 27909 | Abyss:2  | Found a radiant altar of Vehumet.
 27922 | D:14     | Escaped the Abyss
 27929 | D:14     | Banished a bone dragon
 27963 | D:14     | Killed a tengu reaver
 28385 | D:14     | Found a white marble altar of Elyvilon.
 28752 | D:15     | Entered Level 15 of the Dungeon
 28850 | D:15     | Learned a level 6 spell: Darkness
 29178 | D:15     | Found a bloodstained altar of Trog.
 29416 | D:15     | Reached skill level 5 in Shields
 29561 | D:15     | Found a staircase to the Depths.
 29912 | Spider:1 | Entered Level 1 of the Spider Nest
 30183 | Spider:1 | Noticed Donald
 30894 | Lair:3   | Reached XP level 16. HP: 112/123 MP: 11/19
 32380 | Lair:3   | Killed Donald
 32380 | Lair:3   | Reached skill level 18 in Stealth
 33068 | Spider:1 | Blown up by an orb spider

Skill      XL: |  1  2  3  4  5  6  7  8  9 10 11 12 13 14 15 16 |
---------------+-------------------------------------------------+-----
Stealth        | 5 6 7 9 10 11 12 13 14 15 16 17 18 | 18.0
Short Blades   | 2 3 4 5 6 8 10 11 12 14 15 16 | 16.5
Hexes          | 5 6 7 9 10 11 | 11.2
Dodging        | 3 4 5 7 9 10 12 13 14 15 16 | 16.9
Fighting       | 3 6 8 10 | 10.7
Shields        | 5 |  5.0
Spellcasting   | |  2.0

Action                   |  1- 3 |  4- 6 |  7- 9 | 10-12 | 13-15 | 16-18 || total
-------------------------+-------+-------+-------+-------+-------+-------++-------
Melee: Dagger            |   164 |   159 |   376 |   161 |       |       ||   860
       Bite              |    12 |     4 |    26 |    92 |   169 |    18 ||   321
       Rapier            |       |       |       |   588 |  1328 |   113 ||  2029
       Short sword       |       |       |       |    23 |       |       ||    23
       Unarmed           |       |       |       |       |     1 |       ||     1
Throw: Throwing net      |       |       |       |     1 |       |       ||     1
 Cast: Corona            |     1 |     2 |     5 |     1 |     3 |     2 ||    14
       Ensorcelled Hiber |       |     5 |     1 |     5 |     8 |     1 ||    20
       Dazzling Spray    |       |     2 |    37 |    40 |   166 |    17 ||   262
       Confuse           |       |       |       |       |     2 |       ||     2
Invok: Shadow Step       |       |       |       |     3 |     3 |       ||     6
 Abil: End Transformatio |       |     1 |       |     4 |     3 |     1 ||     9
       Bat Form          |       |     1 |       |     4 |     3 |     1 ||     9
Evoke: Wand              |       |       |       |     2 |     3 |     2 ||     7
       Sack of spiders   |       |       |       |       |     1 |       ||     1
  Use: Potion            |       |     5 |    14 |    18 |    32 |     8 ||    77
       Scroll            |       |       |       |    12 |     7 |     1 ||    20
 Stab: Sleeping          |    14 |    19 |    27 |    70 |    92 |       ||   222
       Distracted        |     1 |     1 |     1 |     6 |    15 |       ||    24
       Invisible         |       |       |    11 |     7 |    39 |     1 ||    58
       Confused          |       |       |       |       |     2 |       ||     2
  Eat: Corpse            |       |       |       |     1 |       |       ||     1
Armor: Robe              |    45 |    26 |    45 |    38 |       |       ||   154
       Leather armour    |       |       |       |     5 |   106 |    18 ||   129
Dodge: Dodged            |   106 |    67 |   246 |   446 |  1074 |   131 ||  2070
Block: Other             |       |     2 |    13 |    28 |    37 |       ||    80
       Reflection        |       |       |     1 |     2 |    10 |       ||    13
       Buckler           |       |       |       |       |   108 |    36 ||   144
